 Dungeon Crawl Stone Soup version 0.25-a0-659-gdb1d69e (webtiles) character file.

Game seed: 15988527848006555083, levelgen mode: deterministic

9466 tatocazan the Cleaver (level 11, -6/97 HPs)
             Began as a Hill Orc Fighter on Mar 22, 2020.
             Was a Believer of Yredelemnul.
             Mangled by Snorg (8 damage)
             ... on level 11 of the Dungeon.
             The game lasted 00:18:10 (13981 turns).

tatocazan the Cleaver (Hill Orc Fighter)           Turns: 13981, Time: 00:18:11

Health: -6/97      AC: 20    Str: 23    XL:     11   Next: 46%
Magic:  15/15      EV:  7    Int:  8    God:    Yredelemnul [**....]
Gold:   801        SH: 11    Dex: 10    Spells: 10/10 levels left

rFire    . . .     SeeInvis .   M - +0 broad axe
rCold    . . .     Gourm    .   c - +0 kite shield
rNeg     + . .     Faith    .   L - +0 plate armour
rPois    .         Spirit   .   g - +1 helmet
rElec    .         Reflect  .   m - +0 cloak
rCorr    .         Harm     .   B - +0 pair of gloves
MR       .....                  k - +0 pair of boots
Stlth    ..........             (no amulet)
HPRegen  0.26/turn              o - ring of positive energy
MPRegen  0.14/turn              (no ring)

@: mighty
A: no striking features
a: Animate Remains, Recall Undead Slaves, Injury Mirror, Renounce Religion


You were on level 11 of the Dungeon.
You worshipped Yredelemnul.
Yredelemnul was pleased with you.
You were hungry.

You visited 3 branches of the dungeon, and saw 13 of its levels.
You also visited: Sewer and Bailey.

You collected 801 gold pieces.

Inventory:

Hand Weapons
 s - a +2 whip of draining
 K - a +2 short sword of electrocution
 M - a +0 broad axe (weapon)
Missiles
 x - 52 boomerangs (quivered)
 A - 7 javelins
 H - 3 silver boomerangs
Armour
 c - a +0 kite shield (worn)
 g - a +1 helmet (worn)
 k - a +0 pair of boots (worn)
 m - a +0 cloak (worn)
 B - a +0 pair of gloves (worn)
 L - a +0 plate armour (worn)
Jewellery
 b - an uncursed amulet of the gourmand
 o - a ring of positive energy (left hand)
Wands
 i - a wand of flame (24)
 t - a wand of polymorph (10)
 y - a wand of random effects (19)
 z - a wand of iceblast (6)
 D - a wand of scattershot (4)
 I - a wand of enslavement (19)
 J - a wand of paralysis (3)
Scrolls
 a - 5 scrolls of identify
 e - a scroll of enchant weapon
 j - 5 scrolls of fog
 n - 3 scrolls of teleportation
 p - a scroll of enchant armour
 r - 5 scrolls of remove curse
 N - a scroll of amnesia
Potions
 h - 2 potions of magic
 l - a potion of ambrosia
 q - a potion of mutation {unknown}
 u - a potion of resistance {unknown}
 v - 2 potions of heal wounds
 w - 2 potions of cancellation
 E - 5 potions of curing
 F - a potion of brilliance
 G - 4 potions of stabbing
Comestibles
 f - 17 rations


   Skills:
 + Level 9.2 Fighting
 * Level 12.8 Axes
 + Level 8.2 Armour
 + Level 5.6 Dodging
 + Level 8.2 Shields
 * Level 6.1 Invocations


You had 10 spell levels left.
You didn't know any spells.
Your spell library contained the following spells:

 Spells                   Type           Power        Failure   Level  Hunger
 Animate Skeleton         Necr           N/A          100%        1    ##.....
 Apportation              Tloc           #.....       100%        1    ##.....
 Corona                   Hex            #......      100%        1    ##.....
 Summon Small Mammal      Summ           #...         100%        1    ##.....


Dungeon Overview and Level Annotations

Branches:
Dungeon (11/15)            Temple (1/1) D:5            Lair (1/6) D:8
  Sewer (visited)          Bailey (visited)
    Orc: D:9-12

Altars:
Ashenzari
Cheibriados
Dithmenos
Elyvilon
Fedhas
Gozag
Hepliaklqana
Kikubaaqudgha
Makhleb
Nemelex Xobeh
Okawaru
Qazlal
Ru
Sif Muna
Trog
Uskayaw
Vehumet
Wu Jian
Xom
Yredelemnul
Zin
The Shining One

Shops:
D:7 =

Annotations:
D:11 Snorg


Message History

Snorg bites you but does no damage. Snorg claws you.
* * * LOW HITPOINT WARNING * * *
Snorg claws you!
* * * LOW HITPOINT WARNING * * *
You take 11 damage, and have 5/96 hp.
You feel much better.
You block Snorg's attack. x2; Snorg claws you.
* * * LOW HITPOINT WARNING * * *
Snorg barely misses you. Snorg claws you but does no damage. x2
You regained 14 hp, and now have 19/97 hp.
Okay, then.
You feel mightier all of a sudden. Snorg bites you but does no damage.
Snorg barely misses you. You block Snorg's attack.
Your shield and plate armour prevent you from hitting Snorg.
Snorg is severely wounded.
Snorg bites you!!
* * * LOW HITPOINT WARNING * * *
Snorg closely misses you. Snorg claws you!
You die...
Your body rises from the dead as a mindless zombie.

#..##.################
#..........
#.########. #.# # #.#
#. #.# #..##.#
#.....#######
#....@T......
##....#.#####
........+... #####...#
### ..#.# ..)...
#####.# #.#


You could see Snorg (berserk).

Vanquished Creatures
  An unseen horror (D:10)
  A gargoyle (D:9)
  A yaktaur (shapeshifter) (D:9)
  The ghost of flotson the Sneak, a novice VSAs of Dithmenos (D:6)
  A troll (D:9)
  2 hippogriffs
  A wyvern (D:10)
  A yak (D:7)
  A basilisk (D:8)
  A human (D:7)
  3 hogs (D:7)
  A soldier ant (D:11)
  A water moccasin (D:6)
  Duvessa (D:6)
  4 porcupines (D:8)
  7 orc warriors
  2 ice beasts
  2 sky beasts
  4 black bears (D:8)
  2 necrophages
  4 phantoms
  9 ogres
  A centaur (D:5)
  5 crocodiles
  11 big kobolds
  6 bullfrogs
  Dowan (D:6)
  A scorpion (D:7)
  3 wights (D:9)
  4 howler monkeys
  A crimson imp (D:5)
  A quasit (D:11)
  3 hounds
  2 jellies
  3 orc priests
  7 orc wizards
  A bullfrog skeleton (D:11)
  2 iguanas
  9 worker ants
  A hound skeleton (D:5)
  Robin (D:3)
  2 howler monkey zombies
  A worker ant zombie (D:7)
  3 gnolls (Bailey)
  18 adders
  6 river rats
  An adder skeleton (D:6)
  8 worms
  3 dart slugs
  9 leopard geckos
  37 orcs
  8 bats
  5 giant cockroaches
  2 gnoll zombies (D:7)
  23 goblins
  9 hobgoblins
  5 jackals
  42 kobolds
  4 quokkas
  3 ball pythons
  11 frilled lizards
  A giant cockroach zombie (D:6)
  A leopard gecko skeleton (D:5)
  28 rats
  A fungus (D:8)
  4 plants (D:8)
349 creatures vanquished.

Vanquished Creatures (others)
  4 fungi
  9 plants
13 creatures vanquished.

Grand Total: 362 creatures vanquished

Notes
Turn   | Place    | Note
-------+----------+-------------------------------------------
     0 | D:1      | tatocazan the Hill Orc Fighter began the quest for the Orb.
     0 | D:1      | Reached XP level 1. HP: 19/19 MP: 1/1
    43 | D:1      | Reached XP level 2. HP: 25/27 MP: 2/2
    47 | D:1      | Reached skill level 3 in Axes
   285 | D:1      | Reached XP level 3. HP: 31/33 MP: 3/3
  1048 | D:2      | Reached XP level 4. HP: 40/40 MP: 4/4
  1114 | D:2      | Reached skill level 4 in Axes
  1719 | D:3      | Reached XP level 5. HP: 46/47 MP: 5/5
  1791 | D:3      | Reached skill level 1 in Dodging
  2279 | D:3      | Noticed Robin
  2286 | D:3      | Reached skill level 5 in Axes
  2292 | D:3      | Killed Robin
  2591 | D:4      | Noticed an ogre
  2597 | D:4      | Killed an ogre
  2597 | D:4      | Reached XP level 6. HP: 50/55 MP: 6/6
  2607 | D:4      | Noticed a phantom
  2669 | D:4      | Killed a phantom
  2669 | D:4      | Reached skill level 5 in Fighting
  2691 | D:4      | Reached skill level 6 in Axes
  2691 | D:4      | Reached XP level 7. HP: 54/61 MP: 7/7
  3068 | D:4      | Reached skill level 7 in Axes
  3129 | D:4      | Reached skill level 5 in Shields
  3242 | D:4      | Reached skill level 5 in Armour
  3242 | D:4      | Reached XP level 8. HP: 37/70 MP: 8/8
  3711 | D:5      | Entered Level 5 of the Dungeon
  3967 | D:5      | Reached skill level 8 in Axes
  4098 | D:5      | Found a glowing drain.
  4108 | Sewer    | Entered a sewer
  5277 | D:5      | Found a staircase to the Ecumenical Temple.
  5304 | Temple   | Entered the Ecumenical Temple
  5611 | D:5      | Reached XP level 9. HP: 78/78 MP: 9/9
  5735 | D:5      | Reached skill level 9 in Axes
  6506 | D:6      | Noticed Duvessa
  6506 | D:6      | Noticed Dowan
  6508 | D:6      | Killed Dowan
  6516 | D:6      | Killed Duvessa
  7243 | D:6      | Found a runed translucent gate.
  7243 | D:6      | Found a runed translucent gate.
  7243 | D:6      | Found a runed translucent gate.
  7243 | D:6      | Noticed flotson's ghost (novice VSAs)
  7622 | D:6      | Paralysed by a big kobold for 7 turns
  7636 | D:6      | Reached skill level 10 in Axes
  7642 | D:6      | Killed flotson's ghost
  7994 | D:7      | Found Udeuwij's Jewellery Emporium.
  8017 | D:7      | Reached XP level 10. HP: 88/88 MP: 10/10
  8807 | D:7      | Reached skill level 11 in Axes
  9326 | D:7      | Found a basalt altar of Yredelemnul.
  9546 | D:7      | Became a worshipper of Yredelemnul the Dark
  9872 | D:8      | Reached skill level 1 in Invocations
 10043 | D:8      | Reached skill level 5 in Dodging
 10402 | D:8      | Found a staircase to the Lair.
 10508 | D:8      | Reached skill level 12 in Axes
 10973 | Lair:1   | Entered Level 1 of the Lair of Beasts
 11025 | D:9      | Reached * piety under Yredelemnul
 11048 | D:9      | Reached XP level 11. HP: 95/95 MP: 14/14
 11094 | D:9      | Found a flagged portal.
 11106 | Bailey   | Entered a bailey
 11545 | Bailey   | Reached ** piety under Yredelemnul
 11841 | D:9      | Reached skill level 5 in Invocations
 12164 | D:9      | Found an ancient bone altar of Kikubaaqudgha.
 12169 | D:9      | Found a shimmering blue altar of Sif Muna.
 12171 | D:9      | Found a snail-covered altar of Cheibriados.
 12174 | D:9      | Found a sparkling altar of Nemelex Xobeh.
 12239 | D:9      | Found a glowing silver altar of Zin.
 12410 | D:10     | Entered Level 10 of the Dungeon
 12655 | D:10     | Killed an unseen horror
 13966 | D:11     | Noticed Snorg
 13981 | D:11     | HP: 2/97 [Snorg (18)]
 13981 | D:11     | Mangled by Snorg

Levels and vault maps discovered:
D:1:      elethiomel_arrival_infinity_welcomes_careful_drivers, layout_rooms
D:2:      layout_loops_ring
D:3:      layout_loops_ring, first_ration, uniq_robin
D:4:      layout_loops_ring
D:5:      layout_basic, minmay_temple_entry_overgrown,
          lightli_sewer_entry_pipes, serial_curves, eino_curves_02,
          eino_curves_03, chequers_serial_rivers_small_a
D:6:      layout_loops_ring, gammafunk_ghost_nasty_kobolds, uniq_duvessa
D:7:      layout_cave_pools, lemuel_zombie_altar_yredelemnul, serial_shops,
          nicolae_shop_competitors_out_of_business, grunt_livestock,
          columned_hall_lemuel
D:8:      layout_cave_pods, minmay_lair_entry_grove,
          chequers_serial_rivers_micro_b
D:9:      minmay_diamond_stairs, layout_loops_ring, zin_statuary, minitemple,
          enter_bailey_3, roderic_roman_lattice
D:10:     layout_loops_corners
D:11:     layout_basic, uniq_snorg
Temple:   eino_temple_rhombus
Lair:1:   layout_cave_pods, uniq_fannar

Skill      XL: |  1  2  3  4  5  6  7  8  9 10 11 |
---------------+----------------------------------+-----
Axes           | 3 4 5 6 7 8 10 12 | 12.8
Fighting       | 4 5 6 7 8 9 |  9.2
Dodging        | 1 2 3 4 5 |  5.6
Armour         | 4 5 6 7 8 |  8.2
Shields        | 4 5 6 7 8 |  8.2
Invocations    | 4 6 |  6.1

Action                   |  1- 3 |  4- 6 |  7- 9 | 10-12 || total
-------------------------+-------+-------+-------+-------++-------
Melee: War axe           |   180 |   238 |   459 |   203 ||  1080
       Broad axe         |       |       |       |   267 ||   267
Throw: Boomerang         |       |     9 |       |       ||     9
  Use: Scroll            |       |     4 |       |    12 ||    16
       Potion            |       |       |     2 |     6 ||     8
  Eat: Chunk             |     1 |    23 |     6 |    15 ||    45
       Ration            |       |       |     1 |     1 ||     2
Armor: Scale mail        |    95 |    90 |   179 |    13 ||   377
       Plate armour      |       |       |       |   314 ||   314
Dodge: Dodged            |    57 |    56 |   137 |   123 ||   373
Block: Kite shield       |   123 |   126 |   201 |   336 ||   786

Table legend:
 A = Non-vault XP
 B = Vault XP
 C = Vault XP percentage of total XP
 D = Non-vault monster count
 E = Vault monster count
 F = Vault count percentage of total count
                 A         B        C        D         E       F
            +---------+---------+-------+---------+---------+-------
      Total |    7229 |    6295 |  46.5 |     208 |     136 |  39.5
            +---------+---------+-------+---------+---------+-------
        D:1 |      51 |       0 |   0.0 |      31 |       0 |   0.0
        D:2 |     102 |       0 |   0.0 |      27 |       0 |   0.0
        D:3 |     124 |      31 |  20.0 |      32 |       9 |  22.0
        D:4 |     999 |       0 |   0.0 |      27 |       0 |   0.0
        D:5 |     705 |      48 |   6.4 |      19 |       6 |  24.0
        D:6 |     885 |    1411 |  61.5 |      14 |      12 |  46.2
        D:7 |     695 |     983 |  58.6 |      14 |       7 |  33.3
        D:8 |     827 |    1698 |  67.2 |      12 |      13 |  52.0
        D:9 |     626 |    1119 |  64.1 |      11 |       9 |  45.0
       D:10 |    1884 |       0 |   0.0 |      17 |       0 |   0.0
       D:11 |     331 |       0 |   0.0 |       4 |       0 |   0.0
      Sewer |       0 |     378 | 100.0 |       0 |      48 | 100.0
     Bailey |       0 |     627 | 100.0 |       0 |      32 | 100.0
            +---------+---------+-------+---------+---------+-------
